 Dungeon Crawl Stone Soup version 0.23-a0-402-g64599a1 (webtiles) character file.

60 RonnieColeman the Bolt Thrower (level 3, -2/30 HPs)
             Began as a Centaur Hunter on Nov 3, 2018.
             Slain by an adder (3 damage)
             ... on level 2 of the Dungeon.
             The game lasted 00:03:01 (1833 turns).

RonnieColeman the Bolt Thrower (Centaur Hunter)     Turns: 1833, Time: 00:03:02

Health: -2/30      AC:  4    Str: 14    XL:     3   Next: 80%
Magic:  3/3        EV:  9    Int: 10    God:
Gold:   106        SH:  0    Dex: 10    Spells: 2/2 levels left

rFire    . . .     SeeInvis .   b - +0 short sword
rCold    . . .     Gourm    .   (no shield)
rNeg     . . .     Faith    .   c - +0 leather armour
rPois    .         Spirit   .   (no helmet)
rElec    .         Reflect  .   (no cloak)
rCorr    .         Harm     .   (no gloves)
MR       .....                  (no barding)
Stlth    +.........             (no amulet)
HPRegen  0.10/turn              (no ring)
MPRegen  0.08/turn              (no ring)

@: lethally poisoned (-2 -> -18), hasted, very quick
A: large, hooves 3, deformed body, speed 2, tough skin 3
a: no special abilities


You were on level 2 of the Dungeon.
You were hungry.

You visited 1 branch of the dungeon, and saw 2 of its levels.

You collected 106 gold pieces.

Inventory:

Hand Weapons
 a - a +1 hand crossbow
 b - a +0 short sword (weapon)
Missiles
 d - 30 bolts
Armour
 c - a +0 leather armour (worn)
Scrolls
 g - 2 scrolls of remove curse {unknown}
 h - 3 scrolls of fear {unknown}
 i - 4 scrolls of noise {unknown}
 j - a scroll of identify {unknown}
 l - 2 scrolls of teleportation {unknown}
 p - a scroll of enchant armour {unknown}
Potions
 m - a potion of experience {unknown}
 n - a potion of agility {unknown}
 o - a potion of lignification {unknown}
Comestibles
 f - a ration


   Skills:
 + Level 2.6 Fighting
 * Level 5.3 Crossbows
 + Level 1.9 Dodging
 - Level 0.4 Stealth


You had 2 spell levels left.
You didn't know any spells.
Your spell library was empty.

Dungeon Overview and Level Annotations

Branches:
Dungeon (2/15)

Altars:
Nemelex Xobeh


Innate Abilities, Weirdness & Mutations

You have hooves in place of feet.
Armour fits poorly on your strangely shaped body.
You cover ground very quickly.
You have extremely tough skin. (AC +3)


Message History

* * * LOW HITPOINT WARNING * * *
You are more poisoned.
The adder poisons you! The adder bites you.
* * * LOW HITPOINT WARNING * * *
You are more poisoned.
The adder poisons you!
You hit the adder.
The adder is moderately wounded.
* * * LOW HITPOINT WARNING * * *
You feel sick. The adder bites you.
* * * LOW HITPOINT WARNING * * *
You are more poisoned.
The adder poisons you!
It was a potion of cancellation.
You feel magically purged.
* * * LOW HITPOINT WARNING * * *
You feel sick. The adder bites you but does no damage. The adder misses you.
It was a potion of haste.
You feel yourself speed up.
* * * LOW HITPOINT WARNING * * *
You feel sick. The adder bites you.
You die...

##### #.# ...#######.#
#.#.....#.#
##..........
#..#........
#.>.........
#.#.........
#.##########.#.........
#....S@......#.#######.
##############.. #. ###
##. #.. #<. ##. #.. #..
#..


You could see an adder.

Vanquished Creatures
  2 adders (D:2)
  A worm (D:2)
  A dart slug (D:1)
  3 leopard geckos
  6 bats
  2 giant cockroaches
  4 goblins
  6 hobgoblins
  2 frilled lizards
  A kobold (D:1)
  6 rats
34 creatures vanquished.

Notes
Turn   | Place    | Note
-------+----------+-------------------------------------------
     0 | D:1      | RonnieColeman the Centaur Hunter began the quest for the
                  | Orb.
     0 | D:1      | Reached XP level 1. HP: 17/17 MP: 1/1
   400 | D:1      | Reached XP level 2. HP: 24/24 MP: 2/2
  1084 | D:2      | Reached skill level 5 in Crossbows
  1084 | D:2      | Reached XP level 3. HP: 19/30 MP: 3/3
  1650 | D:2      | Found a sparkling altar of Nemelex Xobeh.
  1833 | D:2      | HP: 1/30 [poisoned by an adder]
  1833 | D:2      | Slain by an adder

Vault maps used:
D:1:      dpeg_arrival_water_fire, st_stairs_10, minmay_stone_trees_small
D:2:      nemelex_xobeh_ov_fountains_minmay

Skill      XL: |  1  2 |
---------------+-------+-----
Crossbows      | 5 |  5.3
Fighting       | |  2.6
Dodging        | |  1.9
Stealth        | |  0.4

Action                   || total
-------------------------++-------
Melee: Short sword       ||   113
       Kick              ||    19
  Use: Potion            ||     2
  Eat: Chunk             ||     1
Armor: Leather armour    ||    33
Dodge: Dodged            ||    60

Table legend:
 A = Non-vault XP
 B = Vault XP
 C = Vault XP percentage of total XP
 D = Non-vault monster count
 E = Vault monster count
 F = Vault count percentage of total count
                 A         B        C        D         E       F
            +---------+---------+-------+---------+---------+-------
      Total |      82 |       4 |   4.7 |      32 |       2 |   5.9
            +---------+---------+-------+---------+---------+-------
        D:1 |      26 |       4 |  13.3 |      15 |       2 |  11.8
        D:2 |      56 |       0 |   0.0 |      17 |       0 |   0.0
            +---------+---------+-------+---------+---------+-------
